 Seeded DCSS version 0.31-a0-45-g5f0c076 (webtiles) character file.

Game seed: 1895464113863016867 (custom seed)

492 edsrzf the Insei (level 7, -2/52 HPs)
             Began as a Gnoll Transmuter on May 21, 2023.
             Was an Initiate of Cheibriados.
             Shot with an arrow by a centaur (11 damage)
             ... on level 6 of the Dungeon.
             The game lasted 00:09:48 (4944 turns).

edsrzf the Insei (Gnoll Transmuter)                 Turns: 4944, Time: 00:09:48

Health: -2/52      AC:  2    Str: 12    XL:     7   Next: 14%
Magic:  15/15      EV: 14    Int: 13    God:    Cheibriados [......]
Gold:   203        SH:  0    Dex: 14    Spells: 16/17 levels left

rFire   . .          .
                       - Unarmed
rCold   + . .        (no shield)
rNeg    . . .        a - +0 robe
rPois   +            s - melded +0 helmet
rElec   .            (no cloak)
rCorr   .            (no gloves)
SInv    .            v - melded +0 pair of boots
Will    .....        (no amulet)
Stlth   ++           q - ring of poison resistance
HPRegen 0.28/turn    t - ring of protection from cold
MPRegen 0.14/turn

%: no passive effects
@: appendages, very slow
A: horns 2, talons 2, fangs 1, strong nose, distributed training
a: End Transformation, Renounce Religion


You were on level 6 of the Dungeon.
You worshipped Cheibriados.
Cheibriados was noncommittal.
You had temporarily grown beastly horns and talons.
You visited 1 branch of the dungeon, and saw 6 of its levels.

You collected 203 gold pieces.

Inventory:

Hand Weapons
 n - a +2 dagger of venom
 u - a +1 whip of venom
Missiles
 i - 12 poisoned darts
Armour
 a - a +0 robe (worn)
 s - a +0 helmet (melded)
 v - a +0 pair of boots (melded)
Jewellery
 q - a ring of poison resistance (left hand)
 t - a ring of protection from cold (right hand)
Wands
 k - a wand of quicksilver (4)
 y - a wand of mindburst (9)
Scrolls
 d - 3 scrolls of identify {@r1}
 e - 3 scrolls of teleportation {unknown}
 g - a scroll of amnesia {unknown}
 h - a scroll of fog {unknown}
 l - a scroll of fear {unknown}
 m - 3 scrolls of vulnerability {unknown}
 p - a scroll of magic mapping {unknown}
 w - a scroll of noise {unknown}
 x - a scroll of immolation {unknown}
Potions
 b - 2 potions of lignification
 c - 2 potions of attraction
 f - 2 potions of curing
 j - a potion of brilliance
 o - a potion of berserk rage {unknown}
 r - a potion of cancellation {unknown}
 z - a potion of haste {unknown}
 A - 3 potions of mutation {unknown}
 B - a potion of magic {unknown}


   Skills:
 + Level 3.5 Fighting
 + Level 2.4 Short Blades
 + Level 2.4 Long Blades
 + Level 2.4 Axes
 + Level 2.4 Maces & Flails
 + Level 2.4 Polearms
 + Level 2.4 Staves
 + Level 2.4 Ranged Weapons
 + Level 2.4 Throwing
 + Level 2.4 Armour
 + Level 5.2 Dodging
 + Level 2.4 Stealth
 + Level 2.4 Shields
 + Level 7.0 Unarmed Combat
 + Level 5.6 Spellcasting
 + Level 2.0 Conjurations
 + Level 2.0 Hexes
 + Level 2.0 Summonings
 + Level 2.0 Necromancy
 + Level 2.0 Translocations
 + Level 4.3 Transmutations
 + Level 2.0 Fire Magic
 + Level 2.0 Ice Magic
 + Level 2.0 Air Magic
 + Level 2.0 Earth Magic
 + Level 2.0 Poison Magic
 + Level 2.6 Invocations
 + Level 2.4 Evocations


You had 16 spell levels left.
You knew the following spells:

 Your Spells              Type           Power      Damage    Failure   Level
a - Beastly Appendage     Tmut           28%        N/A       3%          1

Your spell library contained the following spells:

 Spells                   Type           Power      Damage    Failure   Level
 Wereblood                Tmut           14%        N/A       4%          2
 Summon Small Mammal      Summ           32%        N/A       8%          1
 Static Discharge         Conj/Air       16%        2-3/arc   12%         2
 Spider Form              Tmut/Pois      11%        N/A       14%         3
 Call Canine Familiar     Summ           8%         N/A       24%         3
 Summon Guardian Golem    Hex/Summ       8%         N/A       24%         3
 Ice Form                 Ice/Tmut       11%        N/A       43%         4
 Airstrike                Air            4%         2d(1-17)  61%         4
 Summon Lightning Spire   Summ/Air       8%         N/A       61%         4
 Alistair's Intoxication  Tmut/Pois      7%         N/A       80%         5
 Borgnjor's Vile Clutch   Necr/Erth      4%         N/A       91%         5
 Eringya's Noxious Bog    Tmut/Pois      5%         N/A       100%        6


Dungeon Overview and Level Annotations

Branches:
Dungeon (6/15)
 Temple: D:4-7

Altars:
Cheibriados

Annotations:
D:5 2 transporters


Innate Abilities, Weirdness & Mutations

You have temporarily grown beastly horns and talons.
You have very sharp teeth.
Your uncanny sense of smell can sniff out nearby items.
Your experience applies equally to all skills.


Message History

You punch the orc!
You kill the orc!
Cheibriados appreciates the change of pace.
Your Conjurations skill increases to level 2!
Your Hexes skill increases to level 2!
Your Summonings skill increases to level 2!
Your Necromancy skill increases to level 2!
Your Translocations skill increases to level 2!
Your Fire Magic skill increases to level 2!
Your Ice Magic skill increases to level 2!
Your Air Magic skill increases to level 2!
Your Earth Magic skill increases to level 2!
Your Poison Magic skill increases to level 2!
Unknown command.
Things that are here:
a +0 club; a +0 leather armour
B - a murky brown potion
There is a stone staircase leading up here.
There is a stone staircase leading up here.
Found an escape hatch in the floor.
Found a long sword.
Found a hand axe and 6 stones.
Found 4 stones.
Found a stone staircase leading down.
You see here 4 stones.
Found a stone staircase leading up.
A centaur comes into view.
A sleepcap comes into view.
You see here 14 gold pieces.
You now have 203 gold pieces (gained 14).
The centaur shouts!
The centaur wields a +0 shortbow.
The centaur shoots an arrow.
The arrow barely misses you.
The centaur shoots an arrow.
The arrow hits you.
The centaur shoots an arrow.
The arrow hits you.
The centaur shoots an arrow.
The arrow hits you!
The centaur shoots an arrow.
The arrow closely misses you.
You see here 4 stones.
The sleepcap releases spores at you.
You are engulfed in a cloud of soporific spores!
You fall asleep.
The sleepcap releases spores at you!
You wake up.
You are engulfed in a cloud of soporific spores!
You are unaffected.
Unknown command.
Unknown command.
Casting: Beastly Appendage (safe; 3% risk of failure)
Confirm with . or Enter, or press ? or * to list all spells.
You grow a pair of large bovine horns.
Your feet morph into talons.
Your +0 helmet melds into your body.
Your +0 pair of boots melds into your body.
The sleepcap misses you.
You hit the sleepcap. You claw the sleepcap.
The sleepcap is lightly damaged.
The sleepcap closely misses you.
You hit the sleepcap but do no damage.
The sleepcap is lightly damaged.
The sleepcap releases spores at you.
You are engulfed in a cloud of soporific spores!
You are unaffected.
You hit the sleepcap.
You claw the sleepcap, but do no damage.
The sleepcap is lightly damaged.
The centaur unwields a +0 shortbow.
The centaur hits you. The centaur kicks you.
The sleepcap completely misses you.
Okay, then.
You hit the centaur. You claw the centaur, but do no damage.
You headbutt the centaur, but do no damage.
The centaur is moderately wounded.
The centaur hits you. The centaur kicks you.
* * * LOW HITPOINT WARNING * * *
The sleepcap misses you. The centaur misses you.
The centaur completely misses you.
The centaur wields a +0 shortbow.
The centaur shoots an arrow.
The arrow hits you.
* * * LOW HITPOINT WARNING * * *
You feel better. The sleepcap misses you.
The centaur shoots an arrow.
The arrow misses you.
You hit the sleepcap but do no damage.
You claw the sleepcap, but do no damage.
The sleepcap is lightly damaged.
The centaur shoots an arrow.
The arrow barely misses you. The sleepcap barely misses you.
You hit the sleepcap. You claw the sleepcap.
You headbutt the sleepcap, but do no damage.
You bite the sleepcap, but do no damage.
The sleepcap is heavily damaged.
The centaur shoots an arrow.
The arrow misses you.
The sleepcap releases spores at you but does no damage.
The centaur shoots an arrow.
The arrow hits you.
Okay, then.
The sleepcap attacks as you move away! The sleepcap releases spores at you.
* * * LOW HITPOINT WARNING * * *
Found a scroll labelled WAIHUHE SUSK.
The sleepcap releases spores at you.
* * * LOW HITPOINT WARNING * * *
The sleepcap attacks as you move away! The sleepcap releases spores at you.
* * * LOW HITPOINT WARNING * * *
The centaur shoots an arrow.
The arrow hits you!
You die...

#.......#
###.......####
.............#
.......?....#
...........#
..............##
...............#####
...........@#>......
.<.........#....#
..........##fc.##
#........##...##
#.........##
####..(...# ####..##
##..# ####
#..######..#


You could see a sleepcap and a centaur.

Vanquished Creatures
  2 jellies
  A hound (D:5)
  2 iguanas
  4 orc wizards (D:5)
  3 gnolls (D:4)
  7 adders
  A white imp (D:6)
  6 ufetubi
  2 worms (D:5)
  4 dart slugs
  5 orcs
  9 endoplasms
  3 goblins
  10 hobgoblins
  4 jackals (D:2)
  12 kobolds
  7 quokkas
  2 ball pythons (D:1)
  5 bats
  4 frilled lizards
  6 rats
99 creatures vanquished.

Notes
Turn   | Place    | Note
-------+----------+-------------------------------------------
     0 | D:1      | edsrzf the Gnoll Transmuter began the quest for the Orb.
     0 | D:1      | Reached XP level 1. HP: 17/17 MP: 6/6
   168 | D:1      | Reached XP level 2. HP: 20/23 MP: 5/7
   571 | D:1      | Reached skill level 5 in Spellcasting
   571 | D:1      | Reached XP level 3. HP: 25/28 MP: 6/9
   995 | D:2      | Reached skill level 1 in Invocations
  1066 | D:2      | Reached skill level 1 in Short Blades
  1066 | D:2      | Reached skill level 1 in Long Blades
  1066 | D:2      | Reached skill level 1 in Axes
  1066 | D:2      | Reached skill level 1 in Maces & Flails
  1066 | D:2      | Reached skill level 1 in Polearms
  1066 | D:2      | Reached skill level 1 in Staves
  1066 | D:2      | Reached skill level 1 in Ranged Weapons
  1066 | D:2      | Reached skill level 1 in Throwing
  1066 | D:2      | Reached skill level 1 in Armour
  1066 | D:2      | Reached skill level 1 in Stealth
  1066 | D:2      | Reached skill level 1 in Shields
  1066 | D:2      | Reached skill level 1 in Evocations
  1136 | D:2      | Reached XP level 4. HP: 34/34 MP: 11/11
  1660 | D:2      | Reached skill level 1 in Conjurations
  1660 | D:2      | Reached skill level 1 in Hexes
  1660 | D:2      | Reached skill level 1 in Summonings
  1660 | D:2      | Reached skill level 1 in Necromancy
  1660 | D:2      | Reached skill level 1 in Translocations
  1660 | D:2      | Reached skill level 1 in Fire Magic
  1660 | D:2      | Reached skill level 1 in Ice Magic
  1660 | D:2      | Reached skill level 1 in Air Magic
  1660 | D:2      | Reached skill level 1 in Earth Magic
  1660 | D:2      | Reached skill level 1 in Poison Magic
  1660 | D:2      | Identified 5 scrolls of identify
  1660 | D:2      | Identified a potion of attraction
  1661 | D:2      | Identified a potion of curing
  1774 | D:2      | Found a faded altar of an unknown god.
  1778 | D:2      | Identified a potion of degeneration
  2779 | D:4      | Reached XP level 5. HP: 40/40 MP: 10/12
  2917 | D:4      | Reached skill level 3 in Fighting
  2917 | D:4      | Reached skill level 4 in Transmutations
  2926 | D:4      | Identified a potion of brilliance
  3397 | D:4      | Reached skill level 2 in Invocations
  3626 | D:4      | Reached XP level 6. HP: 34/47 MP: 13/13
  3690 | D:4      | Reached skill level 5 in Dodging
  4063 | D:5      | Entered Level 5 of the Dungeon
  4080 | D:5      | Reached skill level 2 in Short Blades
  4080 | D:5      | Reached skill level 2 in Long Blades
  4080 | D:5      | Reached skill level 2 in Axes
  4080 | D:5      | Reached skill level 2 in Maces & Flails
  4080 | D:5      | Reached skill level 2 in Polearms
  4080 | D:5      | Reached skill level 2 in Staves
  4080 | D:5      | Reached skill level 2 in Ranged Weapons
  4080 | D:5      | Reached skill level 2 in Throwing
  4080 | D:5      | Reached skill level 2 in Armour
  4080 | D:5      | Reached skill level 2 in Stealth
  4080 | D:5      | Reached skill level 2 in Shields
  4080 | D:5      | Reached skill level 2 in Evocations
  4272 | D:5      | Found a snail-covered altar of Cheibriados.
  4285 | D:5      | Became a worshipper of Cheibriados the Contemplative
  4428 | D:5      | Reached skill level 7 in Unarmed Combat
  4428 | D:5      | Reached XP level 7. HP: 52/52 MP: 13/15
  4627 | D:5      | Found a transporter.
  4755 | D:5      | Found a transporter.
  4849 | D:6      | Reached skill level 2 in Conjurations
  4849 | D:6      | Reached skill level 2 in Hexes
  4849 | D:6      | Reached skill level 2 in Summonings
  4849 | D:6      | Reached skill level 2 in Necromancy
  4849 | D:6      | Reached skill level 2 in Translocations
  4849 | D:6      | Reached skill level 2 in Fire Magic
  4849 | D:6      | Reached skill level 2 in Ice Magic
  4849 | D:6      | Reached skill level 2 in Air Magic
  4849 | D:6      | Reached skill level 2 in Earth Magic
  4849 | D:6      | Reached skill level 2 in Poison Magic
  4944 | D:6      | Shot with an arrow by a centaur

Illustrated notes

Levels and vault maps discovered:
D:1:      lightli_arrival_noodles, layout_basic
D:2:      layout_loops_ring, shapermc_ecumenical_altar_hornbeckon, minivault_26
D:3:      layout_basic
D:4:      layout_basic
D:5:      gammafunk_cloud_chamber, layout_rooms, slow_altar_1
D:6:      minmay_chambers_of_sixes, layout_cave_pods,
          nicolae_hepliaklqana_ecumenical_no_more, biasface_ghost_orc_armoury

Skill      XL: |  1  2  3  4  5  6  7 |
---------------+----------------------+-----
Spellcasting   | 5 |  5.6
Invocations    | 1 2 |  2.6
Short Blades   | 1 2 |  2.4
Long Blades    | 1 2 |  2.4
Axes           | 1 2 |  2.4
Maces & Flails | 1 2 |  2.4
Polearms       | 1 2 |  2.4
Staves         | 1 2 |  2.4
Ranged Weapons | 1 2 |  2.4
Throwing       | 1 2 |  2.4
Armour         | 1 2 |  2.4
Stealth        | 1 2 |  2.4
Shields        | 1 2 |  2.4
Evocations     | 1 2 |  2.4
Conjurations   | 1 2 |  2.0
Hexes          | 1 2 |  2.0
Summonings     | 1 2 |  2.0
Necromancy     | 1 2 |  2.0
Translocations | 1 2 |  2.0
Fire Magic     | 1 2 |  2.0
Ice Magic      | 1 2 |  2.0
Air Magic      | 1 2 |  2.0
Earth Magic    | 1 2 |  2.0
Poison Magic   | 1 2 |  2.0
Fighting       | 3 |  3.5
Transmutations | 4 |  4.3
Dodging        | 5 |  5.2
Unarmed Combat | 7 |  7.0

Action                     |  1- 3 |  4- 6 |  7- 9 || total
---------------------------+-------+-------+-------++-------
  Melee: Unarmed           |    64 |   199 |    34 ||   297
         Headbutt          |     5 |     8 |     5 ||    18
         Kick              |     5 |    29 |     9 ||    43
         Punch             |     2 |     7 |       ||     9
         Bite              |     2 |    20 |     5 ||    27
   Cast: Beastly Appendage |    12 |    21 |     3 ||    36
    Use: Scroll            |       |     4 |       ||     4
         Potion            |       |     1 |     1 ||     2
   Stab: Sleeping          |     2 |     1 |       ||     3
 Armour: Robe              |     9 |    21 |     5 ||    35
  Dodge: Dodged            |    30 |   127 |    34 ||   191

Table legend: (Time is in decaauts)
 A = Elapsed time spent in this place.
 B = Non-inter-level travel time spent in this place.
 C = Inter-level travel time spent in this place.
 D = Time resting spent in this place.
 E = Time spent auto-exploring this place.
 F = Levels seen in this place.
 G = Mean time per level.
                   A        B        C        D        E       F      G
               +--------+--------+--------+--------+--------+-----+--------+
         Total |   5049 |   4808 |    241 |    421 |   3489 |   6 |  841.5 |
       Dungeon |   5049 |   4808 |    241 |    421 |   3489 |   6 |  841.5 |
               +--------+--------+--------+--------+--------+-----+--------+

Top non-repeatable levels by time:
     D:4: 1424 daAuts
     D:1: 963 daAuts
     D:2: 858 daAuts
     D:3: 837 daAuts
     D:5: 793 daAuts
     D:6: 170 daAuts
